 Dungeon Crawl Stone Soup version bcrawl-1.18.1 (webtiles) character file.

Game seed: 13132374560321091367

4146 Morbidden the Ruffian (level 10, -3/92 HPs)
             Began as a White Draconian Sloth Apostle on Nov 11, 2019.
             Was a Priest of Cheibriados.
             Slain by a yak (9 damage)
             ... on level 8 of the Dungeon.
             The game lasted 00:12:55 (7510 turns).

Morbidden the Ruffian (DrSA)                        Turns: 7510, Time: 00:12:55

Health: -3/92      AC:  7    Str: 23    XL:     10   Next: 7%
Magic:  7/14       EV: 15    Int: 24    God:    Cheibriados [***...]
Gold:   606        SH: 11    Dex: 18    Spells: 11/12 levels left

rFire    + + .     SeeInvis .     - Unarmed
rCold    + + .     Gourm    .   a - +0 shield
rNeg     . . .     Faith    .   (armour unavailable)
rPois    .         Spirit   .   (helmet restricted)
rElec    .         Reflect  .   I - scarf {rC+ rF+}
rCorr    .         Harm     .   (no gloves)
MR       .....                  (no boots)
Stlth    +++.......             L - amulet of regeneration
HPRegen  0.65/turn              J - ring of wizardry
MPRegen  0.14/turn              A - ring of protection from fire

@: very slow
A: breathe frost, unfitting armour, beak, horns 1, cold resistance 1, robust 1,
screaming 1, cold-blooded, AC +7
a: Breathe Frost, Bend Time, Temporal Distortion, Renounce Religion


You were on level 8 of the Dungeon.
You worshipped Cheibriados.
Cheibriados was most pleased with you.
You were not hungry.

You visited 1 branch of the dungeon, and saw 8 of its levels.

You collected 606 gold pieces.

Inventory:

Hand Weapons
 u - a +0 antimagic long sword
Missiles
 t - 161 tomahawks (quivered)
Armour
 a - a +0 shield (worn)
 I - a scarf of resistance (worn)
Jewellery
 A - a ring of protection from fire (right hand)
 H - an uncursed amulet of magic regeneration
 J - a ring of wizardry (left hand)
 K - an uncursed ring of insulation
 L - an amulet of regeneration (around neck)
Wands
 b - a wand of paralysis (7)
 w - a wand of flame (14)
 z - a wand of polymorph (13)
 C - a wand of scattershot (2)
 F - a wand of acid (7)
Scrolls
 d - a scroll of blinking {unknown}
 f - 12 scrolls of identify
 i - 6 scrolls of enchant armour
 k - 2 scrolls of remove curse
 l - a scroll of immolation {unknown}
 m - 5 scrolls of amnesia {unknown}
 n - 3 scrolls of enchant weapon
 s - a scroll of fog {unknown}
 v - 2 scrolls of noise {unknown}
 y - 4 scrolls of teleportation {unknown}
 D - 2 scrolls of magic mapping {unknown}
Potions
 h - 2 potions of brilliance
 j - 2 potions of agility
 o - 2 potions of mutation
 p - 2 potions of resistance
 q - a potion of might
 r - a potion of cancellation {unknown}
 B - a potion of magic {unknown}
 E - a potion of degeneration {unknown}
 G - a potion of lignification {unknown}
Comestibles
 c - 14 rations {!d}


   Skills:
 * Level 6.5 Fighting
 * Level 6.4 Dodging
 + Level 4.8 Stealth
 + Level 5.6 Shields
 + Level 7.3 Unarmed Combat
 + Level 1.9 Spellcasting
 + Level 1.7 Hexes
 * Level 5.8 Invocations
 + Level 1.0 Evocations


You had 11 spell levels left.
You knew the following spells:

 Your Spells              Type           Power        Failure   Level  Hunger
a - Slow                  Hex            ##......     9%          1    #......

Your spell library contained the following spells:

 Spells                   Type           Power        Failure   Level  Hunger
 Corona                   Hex            ##.....      9%          1    #......
 Shackle                  Hex            ##......     12%         2    ##.....
 False Image              Hex/Summ       #.......     32%         3    ###....
 Inner Flame              Hex/Fire       N/A          32%         3    ###....
 Cause Fear               Hex            ##........   58%         4    #####..
 Yara's Violent Unravell  Hex/Tmut       #.........   69%         4    #####..


Dungeon Overview and Level Annotations

Branches:
Dungeon (8/12)             Temple (0/1) D:5
   Lair: D:7-9          Orc: D:8-11

Altars:
Ashenzari
Elyvilon
Fedhas
Hepliaklqana
Kikubaaqudgha
Lugonu
Nemelex Xobeh
Ru
Vehumet
Xom
Yredelemnul
The Shining One

Shops:
D:6 [


Innate Abilities, Weirdness & Mutations

You can breathe waves of freezing cold.
You can buffet flying creatures when you breathe cold.
Your icy white scales are hard. (AC +7)
You cannot fit into any form of body armour.
Your flesh is cold resistant. (rC+)
You are cold-blooded and may be slowed by cold attacks.
You have a beak for a mouth.
You have a pair of small horns on your head.
You are robust. (+10% HP)
You occasionally shout uncontrollably at your foes.


Message History

Unknown command.
Okay, then.
Okay, then.
Okay, then.
You feel better. You block the big kobold's attack.
The yak gores you but does no damage. The yak gores you.
* * * LOW HITPOINT WARNING * * *
The big kobold barely misses you.
Unknown command.
Unknown command.
Evoke which item? (* to show all) (? for menu, Esc to quit)
Okay, then.
Evoke which item? (* to show all) (? for menu, Esc to quit)
Aiming: Throw Flame
Press: ? - help, Shift-Dir - straight line, f - yak
Aim: a yak (heavily wounded)
The puff of flame hits the yak.
The yak is severely wounded.
The yak gores you!
You die...

... ... ..# .. #######.#
... .#%....#.# ....
.'....≈#.## ##....
.'%P%KY#..##......
.'...(Y@..........
.#...YK#..........
##P≈P.≈#.#........ ##.
#≈≈≈≈P#.#........ ##..
+.P≈PP#..........
#...##########..........
#.... #..............
#...#####..............
#.##.................#


You could see 2 yaks, 2 big kobolds and a dream sheep.

Vanquished Creatures
  A hydra (D:8)
  The ghost of Fv001 the Blocker, a novice SDAc (D:6)
  The ghost of Morbidden the Slicer, a novice DrAc of Cheibriados (D:6)
  Joseph (D:8)
  Grinder (D:6)
  A dream sheep (D:8)
  An orc warrior (D:3)
  An ice beast (D:8)
  A black bear (D:8)
  A centaur (D:5)
  2 big kobolds (D:8)
  A wyvern skeleton (D:6)
  2 howler monkeys
  2 crimson imps
  2 bullfrog zombies
  A bullfrog skeleton (D:8)
  A hound (D:7)
  2 orc wizards (D:5)
  3 orc priests (D:5)
  A jelly (D:7)
  2 centaur skeletons
  An iguana (D:7)
  3 worker ants
  A killer bee zombie (D:5)
  3 gnolls (D:3)
  4 adders
  A howler monkey skeleton (D:8)
  A shadow imp (D:8)
  3 worms
  4 dart slugs
  4 leopard geckos
  12 orcs
  3 giant cockroaches
  2 goblins (D:1)
  10 hobgoblins
  17 jackals
  3 quokkas
  6 bats
  5 frilled lizards
  A jackal zombie (D:7)
  8 kobolds
  A quokka zombie (D:5)
  4 rats
126 creatures vanquished.

Vanquished Creatures (others)
  2 fungi (D:8)
2 creatures vanquished.

Grand Total: 128 creatures vanquished

Notes
Turn   | Place    | Note
-------+----------+-------------------------------------------
     0 | D:1      | Morbidden the Draconian Sloth Apostle began the quest for
                  | the Orb.
     0 | D:1      | Reached XP level 1. HP: 17/17 MP: 2/2
    76 | D:1      | Reached skill level 1 in Hexes
   340 | D:1      | Reached XP level 2. HP: 17/24 MP: 3/3
   826 | D:1      | Reached XP level 3. HP: 28/29 MP: 4/4
  1062 | D:1      | Reached * piety under Cheibriados
  1632 | D:3      | Reached skill level 1 in Dodging
  1950 | D:3      | Reached XP level 4. HP: 17/37 MP: 5/5
  2188 | D:3      | Found a white marble altar of Elyvilon.
  2272 | D:3      | Reached ** piety under Cheibriados
  2272 | D:3      | Reached skill level 1 in Invocations
  2390 | D:3      | Found a corrupted altar of Lugonu.
  2411 | D:3      | Reached skill level 3 in Unarmed Combat
  2575 | D:3      | Found a hazy altar of Hepliaklqana.
  2687 | D:3      | Reached XP level 5. HP: 30/44 MP: 6/6
  3534 | D:4      | Noticed an orc warrior
  3548 | D:3      | Killed an orc warrior
  3548 | D:3      | Reached XP level 6. HP: 25/51 MP: 7/7
  4014 | D:4      | Found a blossoming altar of Fedhas.
  4015 | D:4      | Found an ancient bone altar of Kikubaaqudgha.
  4212 | D:4      | Found a basalt altar of Yredelemnul.
  4303 | D:4      | Gained mutation: You have a pair of small horns on your
                  | head. [potion of mutation]
  4303 | D:4      | Gained mutation: You occasionally shout uncontrollably at
                  | your foes. [potion of mutation]
  4303 | D:4      | Gained mutation: You have a beak for a mouth. [potion of
                  | mutation]
  4303 | D:4      | Gained mutation: You are robust. (+10% HP) [potion of
                  | mutation]
  4380 | D:5      | Entered Level 5 of the Dungeon
  4656 | D:5      | Found a sparkling altar of Nemelex Xobeh.
  4679 | D:5      | Your scales start taking on an icy white colour.
  4679 | D:5      | Reached XP level 7. HP: 35/62 MP: 8/8
  4679 | D:5      | Gained mutation: Your flesh is cold resistant. (rC+) [White
                  | Draconian growth]
  4927 | D:5      | Reached *** piety under Cheibriados
  4927 | D:5      | Reached skill level 4 in Unarmed Combat
  4976 | D:5      | Found a shattered altar of Ashenzari.
  5003 | D:5      | Found a sacrificial altar of Ru.
  5097 | D:5      | Found a staircase to the Ecumenical Temple.
  5454 | D:6      | Found Jaal's Antique Armour Shop.
  5529 | D:6      | Found a runed translucent gate.
  5530 | D:6      | Found a runed translucent gate.
  5531 | D:6      | Found a runed translucent gate.
  5532 | D:6      | Noticed Fv001's ghost (novice SDAc)
  5533 | D:6      | Noticed Morbidden's ghost (novice DrAc)
  5652 | D:6      | Noticed Grinder
  5654 | D:6      | Paralysed by Grinder for 4 turns
  5683 | D:6      | Killed Grinder
  6122 | D:6      | Killed Morbidden's ghost
  6122 | D:6      | Reached skill level 5 in Fighting
  6122 | D:6      | Reached skill level 5 in Unarmed Combat
  6122 | D:6      | Reached XP level 8. HP: 64/74 MP: 10/10
  6131 | D:6      | Killed Fv001's ghost
  6131 | D:6      | Reached skill level 5 in Dodging
  6131 | D:6      | Reached skill level 6 in Unarmed Combat
  6131 | D:6      | Reached XP level 9. HP: 43/81 MP: 10/12
  6373 | D:7      | Found a glowing golden altar of the Shining One.
  6419 | D:7      | Found a radiant altar of Vehumet.
  6909 | D:7      | Reached skill level 5 in Shields
  6910 | D:7      | Found a shimmering altar of Xom.
  7238 | D:8      | Reached skill level 5 in Invocations
  7293 | D:8      | Noticed Joseph
  7317 | D:8      | Killed Joseph
  7414 | D:8      | Reached **** piety under Cheibriados
  7499 | D:8      | Noticed a two-headed hydra
  7507 | D:8      | HP: 3/82 [big kobold/+0 halberd (8)]
  7508 | D:8      | Killed a two-headed hydra
  7508 | D:8      | Reached skill level 7 in Unarmed Combat
  7508 | D:8      | Reached XP level 10. HP: 4/92 MP: 7/14
  7510 | D:8      | Slain by a yak

Skill      XL: |  1  2  3  4  5  6  7  8  9 |
---------------+----------------------------+-----
Hexes          | 1 |  1.7
Dodging        | 1 2 4 5 6 |  6.4
Invocations    | 1 2 3 4 5 |  5.8
Unarmed Combat | 3 5 6 7 |  7.3
Fighting       | 3 5 6 |  6.5
Stealth        | 4 |  4.8
Shields        | 3 4 5 |  5.6
Spellcasting   | |  1.9
Evocations     | |  1.0

Action                   |  1- 3 |  4- 6 |  7- 9 | 10-12 || total
-------------------------+-------+-------+-------+-------++-------
Melee: Unarmed           |   272 |   159 |   168 |       ||   599
       Tailslap          |    34 |    34 |    23 |       ||    91
       Long sword        |       |    15 |       |       ||    15
       Headbutt          |       |     8 |    65 |       ||    73
       Peck              |       |     7 |    41 |       ||    48
Throw: Tomahawk          |       |    11 |     2 |       ||    13
 Cast: Slow              |       |       |    11 |       ||    11
Invok: Slouch            |       |       |     1 |       ||     1
 Abil: Breathe Frost     |       |       |     6 |       ||     6
Evoke: Wand              |     1 |     2 |     1 |     2 ||     6
  Use: Potion            |     2 |     4 |     3 |     1 ||    10
       Scroll            |     1 |     5 |     1 |       ||     7
 Stab: Sleeping          |    10 |     4 |     4 |       ||    18
       Paralysed         |       |     9 |       |       ||     9
  Eat: Chunk             |     3 |     3 |     7 |       ||    13
Armor: Skin              |    78 |    44 |    28 |     1 ||   151
Dodge: Dodged            |   117 |    70 |    71 |     3 ||   261
       Deflected         |       |       |     1 |       ||     1
Block: Shield            |    93 |    93 |    85 |     1 ||   272
